 Dungeon Crawl Stone Soup version 0.26.1-11-gd32895ea62 (webtiles) character file.

Game seed: 6925449894748269274

301 DungeonDestroyer the Chopper (level 6, -6/53 HPs)
             Began as a Minotaur Fighter on Feb 20, 2021.
             Killed by nerve-wracking pain
             ... invoked by an orc priest
              (8 damage)
             ... on level 3 of the Dungeon on Apr 26, 2021.
             The game lasted 00:03:54 (2248 turns).

DungeonDestroyer the Chopper (Minotaur Fighter)     Turns: 2248, Time: 00:03:55

Health: -6/53      AC: 12    Str: 22    XL:     6   Next: 14%
Magic:  5/5        EV:  5    Int:  5    God:
Gold:   105        SH: 10    Dex: 10    Spells: 5/5 levels left

rFire    . . .     SeeInvis .   a - +0 war axe
rCold    . . .     Faith    .   c - +0 kite shield
rNeg     . . .     Spirit   .   h - +0 chain mail
rPois    .         Reflect  .   (helmet restricted)
rElec    .         Harm     .   m - +1 cloak
rCorr    .         Rampage  .   (no gloves)
Will     .....                  (no boots)
Stlth    ..........             (no amulet)
HPRegen  0.17/turn              (no ring)
MPRegen  0.09/turn              (no ring)

@: no status effects
A: retaliatory headbutt, horns 2
a: no special abilities


You were on level 3 of the Dungeon.
You visited 1 branch of the dungeon, and saw 3 of its levels.

You collected 105 gold pieces.

Inventory:

Hand Weapons
 a - a +0 war axe (weapon)
Armour
 c - a +0 kite shield (worn)
 h - a +0 chain mail (worn)
 m - a +1 cloak (worn)
Scrolls
 f - a scroll of immolation {unknown}
 g - 3 scrolls of remove curse
 l - a scroll of identify
Potions
 b - 2 potions of curing {unknown}
 d - 4 potions of might
 e - a potion of flight
 i - a potion of haste {unknown}
 j - a potion of attraction {unknown}
 k - a potion of resistance {unknown}


   Skills:
 + Level 4.7 Fighting
 + Level 5.6 Axes
 + Level 4.9 Armour
 + Level 4.7 Shields


You had 5 spell levels left.
You didn't know any spells.
Your spell library was empty.

Dungeon Overview and Level Annotations

Branches:
Dungeon (3/15)

Altars:
Ru


Innate Abilities, Weirdness & Mutations

You reflexively headbutt those who attack you in melee.
You have a pair of horns on your head.


Message History

The orc priest casts a cantrip, but nothing happens.
You hit the orc priest but do no damage.
You headbutt the orc priest!
You kill the orc priest!
The orc priest looks braver for a moment.
Unknown command.
You barely miss the orc priest. You block the orc priest's attack.
Unknown command.
You closely miss the orc priest. You headbutt the orc priest!
The orc priest is heavily wounded.
The orc priest looks satisfied for a moment.
You block the orc priest's attack.
You barely miss the orc priest.
The orc priest is heavily wounded.
The orc priest looks satisfied for a moment.
You barely miss the orc priest.
The orc priest is heavily wounded.
The orc priest invokes the aid of Beogh against you.
Pain shoots through your body!
You die...

. #.....##.#
.. # ###..##
.# #.#.
#..###.#
.#...# #....#
......####.#.#
...........#.#
.....#.####.#
#.. #.# #.# #
#@# #.# #o#
#.# .o. #.#
...). #.#
..........
.#.###.##.#
..#. .. .. ..
...


You could see 2 orc priests.

Vanquished Creatures
  Crazy Yiuf (D:2)
  2 orc priests
  2 orc wizards (D:2)
  Jessica (D:2)
  Robin (D:2)
  6 adders (D:2)
  2 worms (D:2)
  2 dart slugs (D:1)
  A leopard gecko (D:3)
  3 orcs
  2 ball pythons (D:2)
  7 bats
  2 giant cockroaches
  2 hobgoblins
  6 jackals
  2 frilled lizards
  14 goblins (D:2)
  4 kobolds
  5 rats
65 creatures vanquished.

Notes
Turn   | Place    | Note
-------+----------+-------------------------------------------
     0 | D:1      | DungeonDestroyer the Minotaur Fighter began the quest for
                  | the Orb.
     0 | D:1      | Reached XP level 1. HP: 19/19 MP: 0/0
   186 | D:1      | Reached XP level 2. HP: 27/27 MP: 1/1
   707 | D:2      | Found a sacrificial altar of Ru.
   711 | D:2      | Reached XP level 3. HP: 33/33 MP: 2/2
   722 | D:2      | Reached skill level 3 in Axes
   831 | D:2      | Upgraded the game from 0.26.1-2-gb8aa6d0cf2 to
                  | 0.26.1-11-gd32895ea62
   876 | D:2      | Noticed Jessica
   883 | D:2      | Killed Jessica
   884 | D:2      | Reached XP level 4. HP: 25/41 MP: 3/3
  1036 | D:2      | Reached skill level 4 in Axes
  1074 | D:2      | Noticed Robin
  1082 | D:2      | Killed Robin
  1253 | D:2      | Reached XP level 5. HP: 45/47 MP: 4/4
  1431 | D:2      | Reached skill level 5 in Axes
  1813 | D:2      | Found a runed translucent door.
  1814 | D:2      | Noticed Crazy Yiuf
  2003 | D:2      | Killed Crazy Yiuf
  2004 | D:2      | Reached XP level 6. HP: 31/53 MP: 3/5
  2241 | D:3      | HP: 1/53 [orc priest/divine providence (16)]
  2248 | D:3      | Killed from afar by an orc priest

Illustrated notes

Levels and vault maps discovered:
D:1:      ebering_trefoil_3fold, layout_basic, minmay_strange_pillars
D:2:      layout_loops_corners, nicolae_ru_great_annihilating_truth,
          uniq_crazy_yiuf_cottage, uniq_jessica, uniq_robin
D:3:      layout_loops_ring, grunt_qazlal_sundering

Skill      XL: |  1  2  3  4  5 |
---------------+----------------+-----
Armour         | 4 |  4.9
Fighting       | 4 |  4.7
Shields        | 4 |  4.7
Axes           | 3 4 5 |  5.6

Action                   |  1- 3 |  4- 6 || total
-------------------------+-------+-------++-------
Melee: War axe           |    73 |    97 ||   170
       Headbutt          |     4 |    18 ||    22
  Use: Scroll            |     2 |     1 ||     3
       Potion            |     1 |       ||     1
Armor: Scale mail        |     7 |       ||     7
       Chain mail        |    32 |    54 ||    86
Dodge: Dodged            |    12 |    22 ||    34
Block: Kite shield       |    31 |    38 ||    69
